 Dungeon Crawl Stone Soup version 0.28-a0-94-g325244837d (webtiles) character file.

Game seed: 3773819195399042686

50 HAL9000 the Sneak (level 3, -2/18 HPs)
             Began as a Vine Stalker Brigand on Aug 7, 2021.
             Killed by nerve-wracking pain
             ... invoked by Jessica
              (8 damage)
             ... on level 2 of the Dungeon.
             The game lasted 00:01:17 (2221 turns).

HAL9000 the Sneak (Vine Stalker Brigand)            Turns: 2221, Time: 00:01:18

Health: -2/18      AC:  3    Str: 20    XL:     3   Next: 79%
Magic:  0/4        EV: 11    Int: 11    God:
Gold:   46         SH:  0    Dex: 15    Spells: 2/2 levels left

rFire   . . .      SeeInvis .   a - +2 dagger
rCold   . . .      Faith    .   (no shield)
rNeg    . . .      Spirit   +   b - +0 robe
rPois   .          Reflect  .   (no helmet)
rElec   .          Harm     .   c - +0 cloak
rCorr   .          Rampage  .   (no gloves)
Will    .....                   (no boots)
Stlth   +++.......              (no amulet)
HPRegen 0.06/turn               l - +6 ring of strength
MPRegen 0.09/turn               (no ring)

@: no status effects
A: fangs 2, magic shield, antimagic bite, no potion heal 2
a: no special abilities


You were on level 2 of the Dungeon.
You visited 1 branch of the dungeon, and saw 2 of its levels.

You collected 46 gold pieces.

Inventory:

Hand Weapons
 a - a +2 dagger (weapon)
Missiles
 d - 41 poisoned darts (quivered)
 e - 2 curare-tipped darts
Armour
 b - a +0 robe (worn)
 c - a +0 cloak (worn)
Jewellery
 l - a +6 ring of strength (left hand)
Scrolls
 f - a scroll of teleportation {unknown}
 h - 3 scrolls of identify {unknown}
 j - a scroll of noise {unknown}
Potions
 g - 3 potions of heal wounds {unknown}
 i - a potion of magic {unknown}
 k - a potion of degeneration {unknown}


   Skills:
 - Level 1.7 Fighting
 - Level 1.7 Short Blades
 + Level 3.6 Throwing
 - Level 0.7 Dodging
 - Level 4.8 Stealth


You had 2 spell levels left.
You didn't know any spells.
Your spell library contained the following spells:

 Spells                   Type           Power      Damage    Failure   Level
 Ozocubu's Armour         Ice            0%         N/A       71%         3
 Ozocubu's Refrigeration  Ice            0%         4d5       100%        7


Dungeon Overview and Level Annotations

Branches:
Dungeon (2/15)

Altars:

Annotations:
D:2 Jessica


Innate Abilities, Weirdness & Mutations

You have extremely sharp teeth.
When hurt, damage is shared between your health and your magic reserves.
Your bite disrupts and absorbs the magic of your enemies.
Potions cannot restore your health.


Message History

Throw: 31 darts (poison)
Press: ? - help, Q - select action, (/) - cycle Shift-Dir - straight line, f - frilled lizard
Aim: a frilled lizard (wandering, hasn't noticed you, 40% to hit)
You throw a poisoned dart.
The poisoned dart hits the frilled lizard.
The frilled lizard is poisoned.
The frilled lizard hisses angrily.
You kill the frilled lizard!
No target in view!
No target in view!
No target in view!
d - 31 poisoned darts (gained 1)
You see here a frilled lizard corpse.
d - 41 poisoned darts (gained 10)
Found a stone staircase leading down.
A goblin comes into view. It is wielding a +0 club.
Jessica the Apprentice Sorceress comes into view.
She is wielding a +0 club and wearing a +2 robe of positive energy.
Found a hand axe.
The goblin shouts!
Jessica shouts!
The goblin barely misses you.
You hear a shout!
You hit the goblin.
You kill the goblin!
You hit Jessica. You bite Jessica, but do no damage.
Jessica is moderately wounded.
Jessica points at you and mumbles some strange words.
Pain shoots through your body!
Ouch! That really hurt!
You are too injured to fight recklessly!
You are too injured to fight recklessly!
You are too injured to fight recklessly!
You are too injured to fight recklessly!
Unknown command.
Jessica mumbles some strange words.
Jessica seems to speed up.
Jessica gestures at you while chanting. Pain shoots through your body!
Jessica points at you and mumbles some strange words.
Pain shoots through your body!
You die...

....###.#####.........##..#.#.
....##.......)#.......†.......
.÷..........##......####..##..
............#.......# .#
...†.######.........# .##
.....#####......##### .#
............#.### ##.#
............#...#######..## ##
............###.@..@...O..##...
###........## ######.>.........
...........# #............
##÷........# #............
....#<.....# #.........)..
###.##.##..# #.....)......
##..# ....## #.............
...## ##.. #............. ####
... #..............


You could see an ogre and Jessica (fast).

Vanquished Creatures
  An adder (D:1)
  A worm (D:2)
  A dart slug (D:1)
  4 endoplasms (D:1)
  2 goblins
  2 hobgoblins
  4 jackals (D:1)
  3 kobolds
  3 quokkas (D:2)
  4 ball pythons (D:2)
  2 bats (D:1)
  4 frilled lizards
  4 rats
35 creatures vanquished.

Vanquished Creatures (others)
  7 toadstools (D:1)
7 creatures vanquished.

Grand Total: 42 creatures vanquished

Notes
Turn   | Place    | Note
-------+----------+-------------------------------------------
     0 | D:1      | HAL9000 the Vine Stalker Brigand began the quest for the
                  | Orb.
     0 | D:1      | Reached XP level 1. HP: 11/11 MP: 2/2
   524 | D:1      | Reached XP level 2. HP: 15/15 MP: 3/3
   959 | D:1      | Found a faded altar of an unknown god.
  1298 | D:2      | Reached XP level 3. HP: 18/18 MP: 2/4
  1421 | D:2      | Noticed an ogre
  2208 | D:2      | Noticed Jessica
  2221 | D:2      | Killed from afar by Jessica

Illustrated notes

Levels and vault maps discovered:
D:1:      nagdon_arrival_double_spiral, layout_loops_ring,
          shapermc_ecumenical_altar_mp_highgroup
D:2:      layout_rooms, st_stairs_4, uniq_jessica

Skill      XL: |  1  2 |
---------------+-------+-----
Throwing       | 2 3 |  3.6
Fighting       | |  1.7
Short Blades   | |  1.7
Dodging        | |  0.7
Stealth        | |  4.8

Action                   || total
-------------------------++-------
Melee: Dagger            ||    88
       Bite              ||    26
Throw: Dart              ||     1
 Stab: Sleeping          ||     5
       Distracted        ||     1
Armor: Robe              ||    25
Dodge: Dodged            ||    40

Table legend: (Time is in decaauts)
 A = Elapsed time spent in this place.
 B = Non-inter-level travel time spent in this place.
 C = Inter-level travel time spent in this place.
 D = Time resting spent in this place.
 E = Time spent auto-exploring this place.
 F = Levels seen in this place.
 G = Mean time per level.
                   A        B        C        D        E       F      G
               +--------+--------+--------+--------+--------+-----+--------+
         Total |   2251 |   2182 |     69 |    938 |   1007 |   2 | 1125.5 |
       Dungeon |   2251 |   2182 |     69 |    938 |   1007 |   2 | 1125.5 |
               +--------+--------+--------+--------+--------+-----+--------+

Top non-repeatable levels by time:
     D:1: 1755 daAuts
     D:2: 495 daAuts
